 Dungeon Crawl Stone Soup version 0.18-a0-801-gb01a236 (webtiles) character file.

801 JokEr the Sneak (level 7, -5/52 HPs)
             Began as an Octopode Fighter on Dec 14, 2015.
             Slain by a troll (14 damage)
             ... on level 5 of the Dungeon.
             The game lasted 00:07:30 (4403 turns).

JokEr the Sneak (Octopode Fighter)                  Turns: 4403, Time: 00:07:30

Health: -5/52      AC:  1    Str: 25    XL:     7   Next: 90%
Magic:  7/7        EV:  9    Int: 10    God:
Gold:   151        SH:  9    Dex:  7    Spells: 0 memorised, 6 levels left

rFire  + . .     SeeInvis .     s - +3 mace of Evisceration {freeze, rF+ rN++ Str+3 Dex-5}
rCold  . . .     Clarity  .     b - +0 shield
rNeg   + + .     SustAt   .     (helmet restricted)
rPois  .         Gourm    .     (no amulet)
rElec  .         Spirit   .     (no ring)
rCorr  .         Dismiss  .     (no ring)
rMut   .         Stasis   .     (no ring)
MR     .....                    (no ring)
Stlth  ++++......               (no ring)
                                (no ring)
                                (no ring)
                                (no ring)

@: mighty, not resistant to hostile enchantments, stealthy
A: almost no armour, amphibious, 8 rings, constrict 8, camouflage 1, gelatinous
body 1
a: no special abilities


You were on level 5 of the Dungeon.
You were not hungry.

You visited 1 branch of the dungeon, and saw 5 of its levels.

You collected 151 gold pieces.

Inventory:

Hand Weapons
 a - a +1 war axe
 s - the +3 mace of Evisceration (weapon) {freeze, rF+ rN++ Str+3 Dex-5}
   (You found it on level 4 of the Dungeon)

   It has been specially enchanted to freeze those struck by it, causing extra
   injury to most foes and up to half again as much damage against particularly
   susceptible opponents.
   It can also slow down cold-blooded creatures.
   It affects your strength (+3).
   It affects your dexterity (-5).
   It protects you from fire.
   It greatly protects you from negative energy.
Armour
 b - a +0 shield (worn)
Jewellery
 r - an uncursed ring of fire {unknown}
Scrolls
 e - a scroll of remove curse
 g - 2 scrolls of enchant weapon
 n - 2 scrolls of identify
 q - 2 scrolls of fog
 u - a scroll of fear
 y - a scroll of blinking {unknown}
Potions
 c - 2 potions of might
 f - a potion of degeneration
 h - 2 potions of haste {unknown}
 j - 2 potions of poison {unknown}
 k - a potion of invisibility {unknown}
 l - a potion of flight {unknown}
 m - a potion of beneficial mutation {unknown}
 o - 2 potions of brilliance {unknown}
 t - a potion of curing {unknown}
 v - a potion of mutation {unknown}
 z - a potion of heal wounds {unknown}
Books
 p - a Necronomicon

   Spells                             Type                      Level
   a - Haunt                          Necromancy/Summoning         7
   b - Borgnjor's Revivification      Necromancy                   8
   c - Death's Door                   Charms/Necromancy            8
   d - Necromutation                  Transmutation/Necromancy     8
Comestibles
 d - 4 bread rations
 i - 3 meat rations
 w - a royal jelly
 x - 5 fruits


   Skills:
 + Level 6.0 Fighting
 - Level 4.0(4.4) Axes
 + Level 2.6(3.7) Maces & Flails
 - Level 3.0 Dodging
 + Level 6.7 Stealth
 - Level 3.0 Shields


You had 6 spell levels left.
You didn't know any spells.

Dungeon Overview and Level Annotations

Branches:
Dungeon (5/15)
 Temple: D:4-7

Altars:


Innate Abilities, Weirdness & Mutations

You cannot wear most types of armour.
You are amphibious.
You can wear up to eight rings at the same time.
You can use your tentacles to constrict eight enemies at once.
Your skin changes colour to match your surroundings (Stealth).
Your rubbery body absorbs attacks (AC +1).


Message History

You start resting.
HP restored.
You start waiting.
Done waiting.
There is an open door here.
You open the door.
There is an open door here.
There isn't anything here!
Drink which item? (? for menu, Esc to quit)
Okay, then.
The troll shouts!
Drink which item? (? for menu, Esc to quit)
You feel very mighty all of a sudden. You block the troll's attack.
The troll claws you! The troll claws you!
You sock the troll! You freeze the troll.
The troll is heavily wounded.
The troll bites you!
* * * LOW HITPOINT WARNING * * *
The troll claws you!
You die...

.#....#####....#
.#....#####....########
.#....'..##....#.$.....
##....##<##........#
#....##.##......#.#
##....##.######..#
.................# #
################.#.#
.......#........@..#
.#####.#.#######T#.# .#
#.#.# ...... .# #.#.#
##.##### .# #.#.# #..
.#####.#.# ###
.(.....#.# ########.#
.........#


You could see a troll.

Vanquished Creatures
  Grinder (D:3)
  A centaur (D:5)
  An ice beast (D:5)
  2 ogres (D:5)
  A scorpion (D:4)
  An iguana (D:4)
  2 orc priests (D:3)
  A worker ant (D:4)
  A gnoll (D:1)
  5 adders
  5 worms
  2 giant geckos (D:2)
  2 orcs (D:3)
  5 bats
  5 goblins
  8 hobgoblins
  5 jackals
  A quokka (D:2)
  2 ball pythons (D:2)
  6 giant cockroaches
  7 giant newts
  A jackal zombie (D:5)
  2 kobolds
  8 rats
75 creatures vanquished.

Notes
Turn   | Place    | Note
--------------------------------------------------------------
     0 | D:1      | JokEr the Octopode Fighter began the quest for the Orb.
     0 | D:1      | Reached XP level 1. HP: 16/16 MP: 1/1
   106 | D:1      | Reached skill level 1 in Stealth
   106 | D:1      | Reached XP level 2. HP: 19/21 MP: 2/2
   619 | D:2      | Reached XP level 3. HP: 26/26 MP: 3/3
  1259 | D:2      | Reached XP level 4. HP: 25/33 MP: 4/4
  1472 | D:3      | Noticed Grinder
  1482 | D:3      | Killed Grinder
  1482 | D:3      | Reached skill level 4 in Fighting
  1482 | D:3      | Reached XP level 5. HP: 22/38 MP: 5/5
  1482 | D:3      | Reached XP level 6. HP: 25/44 MP: 6/6
  2028 | D:3      | Reached skill level 5 in Fighting
  2549 | D:4      | Got a brightly glowing mace
  2550 | D:4      | Identified the +3 mace of Evisceration {freeze, rF+ rN++ Str+3 Dex-5} (You found it on level 4 of the Dungeon)
  2561 | D:4      | Reached skill level 5 in Stealth
  2957 | D:4      | Reached skill level 1 in Maces & Flails
  2957 | D:4      | Reached XP level 7. HP: 47/50 MP: 7/7
  3380 | D:5      | Entered Level 5 of the Dungeon
  3396 | D:5      | Noticed a troll
  3449 | D:5      | Reached skill level 6 in Stealth
  4403 | D:5      | Slain by a troll

Vault maps used:
D:1:      evilmike_arrival_rings
D:3:      uniq_grinder
D:4:      first_bread
D:5:      temple_statues, minivault_24, okawaru_gym_becter

Action                   |  1- 3 |  4- 6 |  7- 9 || total
-------------------------+-------+-------+-------++-------
Melee: War axe           |    53 |    47 |       ||   100
       Mace              |       |    10 |    34 ||    44
  Use: Scroll            |     5 |     3 |       ||     8
       Potion            |       |       |     1 ||     1
 Stab: Sleeping          |     9 |     7 |     3 ||    19
  Eat: Chunk             |     1 |     4 |     2 ||     7
       Bread ration      |       |       |     1 ||     1
